AoeStats
← A Bá

Nomad

509106982Analyzed
4v4 RM · 8d ago on Sep 25, 2026· 29m 32s· 8 players
Game mode
Random Map
Map size
231×231
Population
200
Speed
Normal
Resources
Standard
Victory
Conquest
Starting age
Dark Age
Ending age
Imperial Age
RankedLock teamsTeams togetherTeam positionsShared explorationLock speedFull tech treeHidden civsTurbo modeCheats
Victory
Defeat
🇦🇺 Varangians · Australia
1185
+14
🇻🇳 Persians · Vietnam
1179
+15
🇨🇳 Byzantines · China
1138
+16
🇨🇳 Spanish · China
1138
+16
🇨🇳 Dravidians · China
1186
-17
🇨🇿 Saracens · Czechia
1159
-16
🇪🇸 Britons · Spain
1144
-15
🇪🇸 Japanese · Spain
1092
-13
370885147
3:53 Loom
14:31 Feudal Age
17:20 Forging
17:51 Double-Bit Axe
21:12 Fletching
25:07 Fishing Lines
31:33 Castle Age
29:52 Stone Mining
Súc Vật Du Phong
3:35 Loom
旺财
4:11 Loom
19:11 Feudal Age
19:58 Double-Bit Axe
23:44 Castle Age
21:48 Horse Collar
22:06 Gold Mining
24:42 Bow Saw
26:33 Redemption
26:40 Stone Mining
28:14 Heavy Plow
28:42 Fletching
A Bá
4:34 Loom
17:48 Feudal Age
18:18 Double-Bit Axe
20:47 Town Watch
24:09 Castle Age
24:14 Gold Mining
24:18 Fishing Lines
25:01 Husbandry
25:17 Forging
26:26 Bow Saw
DESTINNI
Bolea99
9:28 Loom
13:49 Feudal Age
勇敢牛牛
Jarcoz
Connection lost

Rejoining the realm…

Still unreachable

The connection could not be restored.

Session expired

The server has moved on; the page needs a fresh start.